Map: Daybreak LE (Void)

Players

GoldLeader - Winner!

  • Race: Terran Terran
  • League: Gold
  • Spawn Location: 1:00

Fropez

  • Race: Protoss Protoss
  • League: Gold
  • Spawn Location: 7:00

VOD

Have the link to the VOD?

Description

Time

  • Played on: Jan. 5, 2017, 3:56 p.m.
  • Length: 16:59
Show
View Real Time Build Order
Export as new Build Order

GoldLeader Terran - Winner!

Build Orders: MMM Bio 

Get SALT Encoding   

  12  0:02  SCV  
  13  0:14  SCV  
  14  0:18  Supply Depot  
  14  0:26  SCV  
  15  0:40  SCV  
  15  0:41  Barracks  
  16  0:52  SCV  
  17  0:57  Barracks  
  17  1:05  SCV  
  17  1:08  Refinery  
  19  1:20  SCV  
  19  1:29  Marine  
  19  1:30  Supply Depot  
  20  1:33  Orbital Command  
  20  1:44  Marine  
  21  1:52  Marine  
  22  1:59  SCV  
  23  2:02  Marine  
  24  2:10  Marine  
  24  2:12  SCV  
  26  2:19  Engineering Bay  
  26  2:20  Marine, Refinery  
  27  2:24  SCV  
  27  2:27  Marine  
  29  2:34  Factory  
  29  2:38  Marine  
  29  2:42  Supply Depot  
  30  2:44  SCV  
  31  2:51  Missile Turret  
  31  3:03  Marine x2  
  33  3:06  Supply Depot  
  33  3:08  SCV  
  34  3:20  Factory Reactor  
  34  3:21  Armory  
  34  3:22  SCV  
  35  3:28  Supply Depot  
  35  3:29  Marine x2  
  37  3:37  Starport  
  37  3:43  SCV  
  37  3:48  Marine x2  
  40  3:59  Cyclone x2  
  46  4:16  Starport Reactor  
  44  4:36  Barracks Reactor  
  44  4:40  Command Center  
  44  4:42  Cyclone  
  44  4:43  Barracks Tech Lab  
  47  4:47  SCV  
  48  4:57  Cyclone  
  48  4:59  SCV  
  52  5:14  Combat Shields  
  52  5:23  Marine x3  
  55  5:33  Refinery  
  55  5:35  Supply Depot x2  
  55  5:42  Marine x3  
  55  5:43  SCV  
  55  5:49  Terran Vehicle Weapons Level 1  
  59  5:57  SCV x2  
  59  6:00  Marine x3  
  64  6:09  SCV x2  
  66  6:12  Cyclone  
  66  6:13  Refinery  
  69  6:24  SCV x2  
  71  6:29  Cyclone  
  74  6:34  Stimpack  
  74  6:36  SCV x2  
  75  6:57  Cyclone  
  75  6:58  Marine x3  
  75  7:00  SCV x2  
  83  7:01  Medivac x2  
  87  7:13  SCV x2  
  89  7:18  Terran Infantry Weapons Level 1  
  89  7:25  SCV  
  89  7:26  SCV  
  91  7:38  Viking  
  93  7:45  Supply Depot  
  93  7:46  Supply Depot, Terran Vehicle And Ship Armor Level 1  
  93  8:06  Viking  
  93  8:08  Supply Depot  
  80  8:25  Cyclone x2  
  80  8:26  Marine x3  
  86  8:37  SCV x2  
  85  8:49  SCV x2  
  87  9:03  SCV x2  
  89  9:13  Marine x2  
  89  9:14  Marauder  
  89  9:15  SCV x2, Cyclone x2  
  89  9:16  Command Center  
  101  9:19  Terran Infantry Armor Level 1  
  101  9:33  SCV x2  
  101  9:35  Marauder  
  105  9:40  Supply Depot  
  105  9:45  SCV x2  
  107  9:59  Marine x2, Marauder  
  111  10:00  Cyclone x2  
  111  10:03  Orbital Command  
  117  10:10  Supply Depot  
  112  10:44  Planetary Fortress  
  113  10:50  SCV x2  
  112  11:02  SCV x2  
  114  11:07  Terran Vehicle Weapons Level 2  
  114  11:12  Cyclone x2  
  114  11:14  SCV x2  
  114  11:15  Marine x2, Marauder  
  114  11:16  Concussive Shells  
  126  11:19  Factory  
  126  11:20  SCV  
  127  11:26  SCV x2, Refinery x2  
  129  11:33  Marine x2, SCV  
  129  11:36  Marauder  
  133  11:40  Missile Turret  
  133  11:43  Missile Turret  
  133  11:46  SCV x3  
  136  11:58  SCV x3  
  139  12:03  Missile Turret  
  131  12:16  Command Center  
  131  12:29  Cyclone x2  
  134  12:56  Marine x2  
  134  12:57  Marauder  
  132  13:03  Cyclone  
  132  13:11  Factory Reactor  
  132  13:13  Marine x2  
  132  13:17  Cyclone  
  132  13:18  Marauder  
  133  13:35  Cyclone  
  127  13:48  Cyclone x2  
  127  13:49  Cyclone  
  136  13:55  Planetary Fortress  
  136  14:18  Cyclone  
  136  14:20  Cyclone x2  
  136  14:21  Cyclone  
  148  14:31  Missile Turret  
  148  14:32  Missile Turret  
  148  14:35  Missile Turret  
  148  14:50  Refinery  
  148  14:53  Command Center  
  148  14:58  Refinery  
  148  14:59  Supply Depot  
  147  15:01  Cyclone  
  149  15:20  Cyclone x2  
  155  15:32  Armory  
  155  15:47  Cyclone  
  155  15:50  Cyclone  
  155  15:52  Cyclone x2  
  151  16:01  SCV x2  
  143  16:13  SCV x2  
  139  16:19  Cyclone  
  139  16:22  Cyclone  
  139  16:25  Cyclone x2  
  118  16:40  Marine x2  
Show
View Real Time Build Order
Export as new Build Order

Fropez Protoss 

Build Orders:  

Get SALT Encoding   

  12  0:01  Probe (Chrono Boost)  
  13  0:11  Probe (Chrono Boost)  
  14  0:18  Pylon  
  14  0:22  Probe (Chrono Boost)  
  15  0:37  Probe (Chrono Boost)  
  15  0:38  Gateway  
  16  0:47  Probe (Chrono Boost)  
  17  0:58  Probe (Chrono Boost)  
  17  0:59  Assimilator  
  18  1:08  Probe (Chrono Boost)  
  19  1:19  Probe (Chrono Boost)  
  20  1:29  Cybernetics Core  
  20  1:31  Probe (Chrono Boost)  
  21  1:35  Gateway  
  21  1:36  Pylon  
  21  1:41  Probe (Chrono Boost)  
  22  1:54  Probe (Chrono Boost)  
  22  1:59  Pylon  
  22  2:05  Probe (Chrono Boost)  
  22  2:07  Adept  
  26  2:15  Probe (Chrono Boost)  
  26  2:19  Assimilator  
  26  2:22  Adept  
  28  2:34  Adept  
  28  2:35  Nexus  
  30  2:38  Warp Gate  
  30  2:40  Probe (Chrono Boost)  
  30  2:44  Assimilator  
  31  2:48  Pylon  
  31  3:00  Pylon  
  31  3:06  Adept  
  31  3:08  Probe (Chrono Boost)  
  31  3:09  Adept  
  38  3:28  Mothership Core (Chrono Boost)  
  38  3:36  Pylon  
  38  3:38  Stalker  
  40  3:42  Stalker  
  40  3:47  Probe x2 (Chrono Boost)  
  44  3:58  Probe (Chrono Boost)  
  44  3:59  Probe (Chrono Boost)  
  46  4:13  Twilight Council  
  46  4:14  Probe (Chrono Boost)  
  46  4:15  Forge, Probe (Chrono Boost)  
  50  4:24  Probe (Chrono Boost)  
  47  4:33  Probe (Chrono Boost)  
  47  4:35  Protoss Ground Weapons Level 1  
  47  4:36  Resonating Glaives  
  44  4:42  Probe (Chrono Boost)  
  44  4:44  Gateway  
  46  4:54  Probe (Chrono Boost)  
  46  4:58  Adept  
  46  4:59  Adept  
  50  5:06  Probe (Chrono Boost)  
  50  5:07  Probe (Chrono Boost)  
  52  5:13  Pylon  
  52  5:19  Pylon, Gateway  
  52  5:26  Gateway  
  52  5:27  Gateway  
  54  5:29  Probe x2 (Chrono Boost)  
  54  5:35  Adept  
  54  5:36  Adept  
  54  5:41  Probe (Chrono Boost), Assimilator  
  54  5:42  Probe (Chrono Boost)  
  60  5:45  Stalker  
  64  5:57  Probe x2 (Chrono Boost)  
  64  5:58  Robotics Facility  
  64  6:07  Adept x2  
  68  6:27  Pylon  
  68  6:31  Photon Cannon  
  68  6:36  Pylon  
  68  6:37  Probe (Chrono Boost)  
  70  6:41  Probe (Chrono Boost)  
  70  6:42  Photon Cannon, Protoss Ground Weapons Level 2  
  70  6:44  Adept x4  
  70  6:45  Photon Cannon  
  78  6:48  Blink  
  78  6:49  Probe (Chrono Boost)  
  78  6:51  Adept x2  
  78  6:53  Probe (Chrono Boost)  
  82  6:59  Observer  
  83  7:06  Adept  
  85  7:20  Stalker x2  
  91  7:37  Probe x2 (Chrono Boost)  
  91  7:38  Gateway  
  91  7:42  Pylon  
  91  7:46  Pylon  
  91  7:50  Adept x5  
  101  7:57  Pylon  
  101  7:59  Pylon  
  101  8:01  Pylon  
  101  8:04  Pylon  
  101  8:06  Pylon  
  101  8:07  Pylon  
  101  8:15  Observer  
  86  8:37  Stalker x4  
  86  8:38  Stalker  
  96  8:42  Warp Prism  
  92  8:50  Gateway, Stalker  
  90  9:02  Stalker x5  
  96  9:04  Protoss Ground Weapons Level 3  
  100  9:14  Pylon  
  100  9:23  Stalker  
  102  9:31  Pylon  
  102  9:36  Pylon  
  102  9:46  Stalker x2  
  102  9:47  Stalker x2  
  102  9:52  Dark Shrine  
  110  9:57  Immortal  
  114  10:44  Stalker x7  
  127  11:19  Nexus  
  127  11:35  Pylon  
  127  11:37  Assimilator  
  127  11:41  Assimilator  
  127  11:47  Pylon  
  115  12:16  Stalker x3  
  115  12:17  Stalker x4  
  129  12:28  Nexus  
  127  12:30  Pylon  
  127  12:33  Pylon  
  127  12:49  Stalker x2  
  127  12:50  Stalker x4  
  134  13:09  Probe x2 (Chrono Boost)  
  128  13:21  Probe x2 (Chrono Boost)  
  114  13:47  Stalker x4  
  116  14:04  Dark Templar  
  118  14:15  Dark Templar  
  112  14:27  Stalker x2  
  116  14:37  Templar Archives  
  116  14:52  Stalker x2  
  120  15:05  Stalker x2  
  124  15:27  Stalker x2  
  124  15:28  Stalker x2  
  130  15:43  Stalker x2  
  100  16:09  Dark Templar x4  
  78  16:33  Dark Templar x3  
  51  16:48  Dark Templar  
Tags
 
Composition
MMM Bio
League
GoldGold
Matchup
PvT
Replay Pack
All Mines
Spawn Locations
Cross Positions
Add a new tag
Caveats
  • Supply blocks, unpowered buildings, or Contaminate may cause inaccurate times.
  • Supply counts are checked every 10 seconds.